 Dungeon Crawl Stone Soup version 0.29-a0-330-g52719c12eb (webtiles) character file.

Game seed: 5758777487265184677

35 kae the Firebug (level 3, -2/20 HPs)
             Began as a Deep Elf Fire Elementalist on May 1, 2022.
             Frozen to death by an endoplasm (5 damage)
             ... on level 2 of the Dungeon.
             The game lasted 00:00:48 (1799 turns).

kae the Firebug (Deep Elf Fire Elementalist)        Turns: 1799, Time: 00:00:48

Health: -2/20      AC:  2    Str:  5    XL:     3   Next: 17%
Magic:  4/9        EV: 13    Int: 21    God:
Gold:   109        SH:  0    Dex: 15    Spells: 1/8 levels left

rFire   . . .      SeeInvis .   (no weapon)
rCold   . . .      Faith    .   (no shield)
rNeg    . . .      Spirit   .   a - +0 robe
rPois   .          Reflect  .   (no helmet)
rElec   .          Harm     .   (no cloak)
rCorr   .          Rampage  .   (no gloves)
Will    .....                   (no boots)
Stlth   ++........              (no amulet)
HPRegen 0.06/turn               f - ring of flight
MPRegen 0.11/turn               (no ring)

@: flying
A: no striking features
a: no special abilities


You were on level 2 of the Dungeon.
You visited 1 branch of the dungeon, and saw 2 of its levels.

You collected 109 gold pieces.

Inventory:

Armour
 a - a +0 robe (worn)
Jewellery
 f - a ring of flight (left hand)
Potions
 b - a potion of magic
 c - 2 potions of degeneration
 d - a potion of berserk rage {unknown}
 h - a potion of mutation {unknown}
 j - 2 potions of curing {unknown}


   Skills:
 + Level 0.9 Fighting
 + Level 2.9 Dodging
 - Level 2.4 Stealth
 + Level 3.4 Spellcasting
 + Level 1.7 Conjurations
 + Level 3.6 Fire Magic


You had one spell level left.
You knew the following spells:

 Your Spells              Type           Power      Damage    Failure   Level
a - Foxfire               Conj/Fire      56%        2x1d6     4%          1
b - Scorch                Fire           36%        2d6       4%          2
c - Magic Dart            Conj           44%        1d5       6%          1
d - Conjure Flame         Conj/Fire      14%        6-21      13%         3

Your spell library contained the following spells:

 Spells                   Type           Power      Damage    Failure   Level
 Searing Ray              Conj           22%        2d5       10%         2
 Inner Flame              Hex/Fire       11%        N/A       19%         3
 Flame Wave               Conj/Fire      14%        2d6       38%         4
 Fulminant Prism          Conj/Hex       3%         3d6       65%         4


Dungeon Overview and Level Annotations

Branches:
Dungeon (2/15)

Altars:

Shops:
D:1 :(

Annotations:
D:2 Sigmund


Message History

Confirm with . or Enter, or press ? or * to list all spells.
You conjure some foxfire!
Sigmund shouts!
An endoplasm comes into view.
The foxfire hits the endoplasm.
The endoplasm is moderately wounded.
The endoplasm hits you.
Sigmund drinks a potion.
Sigmund flickers and vanishes!
Deactivating autopickup; reactivate with Ctrl-A.
The foxfire hits the endoplasm.
The endoplasm is severely wounded.
Casting: Foxfire (safe; 4% risk of failure)
Confirm with . or Enter, or press ? or * to list all spells.
You conjure some foxfire!
The endoplasm hits you but does no damage.
The foxfire hits the endoplasm but does no damage.
The endoplasm is severely wounded.
The endoplasm barely misses you.
Casting: Foxfire (safe; 4% risk of failure)
Confirm with . or Enter, or press ? or * to list all spells.
You conjure some foxfire!
The endoplasm closely misses you. Something barely misses you.
Your foxfire dissipates!
The foxfire hits something.
The foxfire hits something but does no damage.
The endoplasm freezes you.
You are frozen.
Something hits you.
Casting: Foxfire (safe; 4% risk of failure)
Confirm with . or Enter, or press ? or * to list all spells.
You conjure some foxfire!
The endoplasm hits you but does no damage.
The foxfire hits something but does no damage.
The endoplasm hits you. Something hits you!
Ouch! That really hurt!
* * * LOW HITPOINT WARNING * * *
Casting: Foxfire (safe; 4% risk of failure)
Confirm with . or Enter, or press ? or * to list all spells.
Flames lash something.
The endoplasm freezes you.
You are frozen.
You die...

#...........
#.##.######.
#.##.#
#.##)#
#.##.#####
#<...#...
#..###[##
#..##§v.#
#...§@#
##.##.J.#
#.###.## #.#
.# #(# .#
#.# .. #.#
## ...


You could see an endoplasm (ally target).

Vanquished Creatures
  An adder (D:2)
  6 bats
  3 endoplasms
  2 hobgoblins (D:2)
  3 kobolds
  A quokka (D:1)
  3 ball pythons
  A frilled lizard (D:1)
  4 goblins
24 creatures vanquished.

Vanquished Creatures (others)
  118 foxfires
118 creatures vanquished.

Grand Total: 142 creatures vanquished

Notes
Turn   | Place    | Note
-------+----------+-------------------------------------------
     0 | D:1      | kae the Deep Elf Fire Elementalist began the quest for the
                  | Orb.
     0 | D:1      | Reached XP level 1. HP: 10/10 MP: 6/6
   198 | D:1      | Found Nenae's Book Shoppe.
   354 | D:1      | Reached XP level 2. HP: 16/16 MP: 4/8
   398 | D:1      | Found Uckidgh's Weapon Boutique.
  1461 | D:2      | Learned a level 2 spell: Scorch
  1617 | D:2      | Reached XP level 3. HP: 20/20 MP: 2/9
  1687 | D:2      | Learned a level 1 spell: Magic Dart
  1691 | D:2      | Learned a level 3 spell: Conjure Flame
  1790 | D:2      | Noticed Sigmund
  1799 | D:2      | Frozen to death by an endoplasm

Illustrated notes

Levels and vault maps discovered:
D:1:      ncdulo_watergridlock, layout_basic, serial_shops,
          nicolae_shop_behind_doors, shop, roderic_roman_lattice
D:2:      layout_loops_ring, uniq_sigmund, uniq_crazy_yiuf_cottage

Action                   || total
-------------------------++-------
 Cast: Foxfire           ||    68
       Scorch            ||     2
  Use: Scroll            ||     4
Armor: Robe              ||     3
Dodge: Dodged            ||    19

Table legend: (Time is in decaauts)
 A = Elapsed time spent in this place.
 B = Non-inter-level travel time spent in this place.
 C = Inter-level travel time spent in this place.
 D = Time resting spent in this place.
 E = Time spent auto-exploring this place.
 F = Levels seen in this place.
 G = Mean time per level.
                   A        B        C        D        E       F      G
               +--------+--------+--------+--------+--------+-----+--------+
         Total |   1798 |   1713 |     85 |      0 |   1497 |   2 |  899.0 |
       Dungeon |   1798 |   1713 |     85 |      0 |   1497 |   2 |  899.0 |
               +--------+--------+--------+--------+--------+-----+--------+

Top non-repeatable levels by time:
     D:1: 1259 daAuts
     D:2: 539 daAuts
